NYP
TRI-CITY DUST DEVILS @ MILWAUKEE (NYP) BREWERS
08/15/2047
 
TOP OF THE 1ST
Tri-City Dust Devils batting - Pitching for Milwaukee (NYP) Brewers : RHP Eric Fragoso
Pitching: RHP Eric Fragoso
Batting: RHB Adrian Cook 0-0: Called Strike
0-1: Called Strike
0-2: Foul Ball, location: 2F
0-2: Ball
1-2: Ball
2-2: Strikes out swinging
Batting: LHB Erik Beezley 0-0: Foul Ball, location: 2F
0-1: Ball
1-1: Foul Ball, location: 2F
1-2: Ground out 6-3 (Groundball, 4, EV 90.6 MPH)
Batting: RHB Eric McMillian 0-0: DOUBLE (Line Drive, 89D, EV 108.1 MPH)
Batting: RHB Mike MacLeod 0-0: Swinging Strike
0-1: Ball
1-1: Called Strike
1-2: Ball
2-2: Ball
3-2: Foul Ball, location: 2F
3-2: Foul Ball, location: 2F
3-2: Base on Balls
Batting: LHB David McNair 0-0: Called Strike
0-1: Foul Ball, location: 2F
0-2: Strikes out looking
Top of the 1st over - 0 runs, 1 hit, 0 errors, 2 left on base; Tri-City 0 - Milwaukee (NYP) 0
BOTTOM OF THE 1ST
Milwaukee (NYP) Brewers batting - Pitching for Tri-City Dust Devils : RHP Tristan Vollmer
Pitching: RHP Tristan Vollmer
Batting: SHB Aaron Neill 0-0: Ball
1-0: Ball
2-0: Ball
3-0: Called Strike
3-1: Base on Balls
Batting: SHB Orlando Torres 0-0: Ball
1-0: Called Strike
1-1: Ball
2-1: Ball
3-1: Swinging Strike
3-2: Foul Ball, location: 2F
3-2: Strikes out swinging
Batting: LHB Tyler Francis 0-0: Called Strike
0-1: Called Strike
0-2: Ball
1-2: Strikes out swinging
Batting: SHB Ramon Perez 0-0: Called Strike
Aaron Neill is caught stealing 2nd base 2-6
Bottom of the 1st over - 0 runs, 0 hits, 0 errors, 0 left on base; Tri-City 0 - Milwaukee (NYP) 0
TOP OF THE 2ND
Tri-City Dust Devils batting - Pitching for Milwaukee (NYP) Brewers : RHP Eric Fragoso
Batting: LHB Javy Portela 0-0: Ball
1-0: SINGLE (Groundball, 3D, EV 103.1 MPH)
Batting: RHB Ricardo Ortiz 0-0: Ball
1-0: SINGLE (Line Drive, 78M, EV 101.9 MPH)
Javy Portela to second
Batting: RHB Max Stillo 0-0: Foul Ball, location: 2F
0-1: Ball
1-1: Ball
2-1: Foul Ball, location: 2F
2-2: Strikes out swinging
Batting: RHB Brian Klinkner 0-0: Called Strike
0-1: Foul Ball, location: 2F
0-2: Ball
1-2: Ball
2-2: Strikes out looking
Batting: RHB Adrian Cook 0-0: Ball
1-0: Called Strike
1-1: Swinging Strike
1-2: Ball
2-2: Fly out, F9 (Line Drive, 89M, EV 88.8 MPH)
Top of the 2nd over - 0 runs, 2 hits, 0 errors, 2 left on base; Tri-City 0 - Milwaukee (NYP) 0
BOTTOM OF THE 2ND
Milwaukee (NYP) Brewers batting - Pitching for Tri-City Dust Devils : RHP Tristan Vollmer
Batting: SHB Ramon Perez 0-0: Ball
1-0: Foul Ball, location: 2F
1-1: Foul Ball, location: 2F
1-2: Foul Ball, location: 2F
1-2: Hit by Pitch
Batting: RHB Ryan Miller 0-0: Ball
1-0: Called Strike
1-1: Foul Ball, location: 2F
1-2: Fielders Choice at 2nd, 6-4 (Groundball, 6, EV 110.0 MPH)
Batting: RHB Chris Maul 0-0: Called Strike
0-1: Called Strike
Ryan Miller steals 2nd base
0-2: Ball
1-2: Ball
2-2: Ball
3-2: Base on Balls
Batting: RHB Victor Alarcon 0-0: Called Strike
0-1: Swinging Strike
0-2: Ball
1-2: Ball
2-2: Strikes out swinging
Batting: RHB Leo Serrano 0-0: Ball
1-0: Foul Ball, location: 2F
1-1: Swinging Strike
1-2: Foul Ball, location: 2F
1-2: Ball
2-2: Strikes out swinging
Bottom of the 2nd over - 0 runs, 0 hits, 0 errors, 2 left on base; Tri-City 0 - Milwaukee (NYP) 0
TOP OF THE 3RD
Tri-City Dust Devils batting - Pitching for Milwaukee (NYP) Brewers : RHP Eric Fragoso
Batting: LHB Erik Beezley 0-0: Foul Ball, location: 2F
0-1: Ball
1-1: Ball
2-1: Foul Ball, location: 2F
2-2: Strikes out swinging
Batting: RHB Eric McMillian 0-0: Ball
1-0: Called Strike
1-1: SINGLE (Line Drive, 8RS, EV 106.2 MPH)
Batting: RHB Mike MacLeod 0-0: Ball
1-0: Called Strike
1-1: Swinging Strike
1-2: Ball
2-2: Ball
Wild Pitch!
Eric McMillian to second
3-2: DOUBLE (Flyball, 8RXD, EV 92.5 MPH)
Eric McMillian scores
Batting: LHB David McNair 0-0: Ball
1-0: Foul Ball, location: 2F
1-1: Called Strike
1-2: Ball
2-2: Ground out 3-1 (Groundball, 13, EV 78.8 MPH)
Mike MacLeod to third
Batting: LHB Javy Portela 0-0: Called Strike
0-1: Ball
1-1: Called Strike
1-2: Strikes out looking
Top of the 3rd over - 1 run, 2 hits, 0 errors, 1 left on base; Tri-City 1 - Milwaukee (NYP) 0
BOTTOM OF THE 3RD
Milwaukee (NYP) Brewers batting - Pitching for Tri-City Dust Devils : RHP Tristan Vollmer
Batting: RHB Justin Marino 0-0: Called Strike
0-1: Foul Ball, location: 2F
0-2: Strikes out swinging
Batting: SHB Aaron Neill 0-0: Ball
1-0: Foul Ball, location: 2F
1-1: Ground out 6-3 (Groundball, 6, EV 100.0 MPH)
Batting: SHB Orlando Torres 0-0: SINGLE (Groundball, 4MD, EV 98.8 MPH)
Batting: LHB Tyler Francis 0-0: Ground out U3 (Groundball, 3L, EV 97.5 MPH)
Bottom of the 3rd over - 0 runs, 1 hit, 0 errors, 1 left on base; Tri-City 1 - Milwaukee (NYP) 0
TOP OF THE 4TH
Tri-City Dust Devils batting - Pitching for Milwaukee (NYP) Brewers : RHP Eric Fragoso
Batting: RHB Ricardo Ortiz 0-0: Called Strike
0-1: Ball
1-1: Ground out 4-3 (Groundball, 4, EV 102.5 MPH)
Batting: RHB Max Stillo 0-0: Ball
1-0: SINGLE (Groundball, 34D, EV 103.8 MPH)
Batting: RHB Brian Klinkner 0-0: Ball
1-0: Ball
2-0: Called Strike
2-1: Ball
3-1: 2-RUN HOME RUN (Flyball, 7LD, EV 91.2 MPH), Distance : 346 ft
Batting: RHB Adrian Cook 0-0: Swinging Strike
0-1: Ball
1-1: Swinging Strike
1-2: Strikes out swinging
Pitching: LHP Mario Arango
Batting: LHB Erik Beezley 0-0: Ball
1-0: Called Strike
1-1: Called Strike
1-2: Ball
2-2: Strikes out looking
Top of the 4th over - 2 runs, 2 hits, 0 errors, 0 left on base; Tri-City 3 - Milwaukee (NYP) 0
BOTTOM OF THE 4TH
Milwaukee (NYP) Brewers batting - Pitching for Tri-City Dust Devils : RHP Tristan Vollmer
Batting: SHB Ramon Perez 0-0: Ball
1-0: Swinging Strike
1-1: Ground out 4-3 (Groundball, 4, EV 84.4 MPH)
Batting: RHB Ryan Miller 0-0: Called Strike
0-1: Swinging Strike
0-2: Ball
1-2: Ball
2-2: DOUBLE (Line Drive, 7LM, EV 106.9 MPH)
Batting: RHB Chris Maul 0-0: Called Strike
0-1: Ball
1-1: Ball
2-1: Ball
3-1: Ground out 5-3 (Groundball, 56, EV 90.6 MPH)
Batting: RHB Victor Alarcon 0-0: Ball
1-0: Called Strike
1-1: Ball
2-1: Foul Ball, location: 2F
2-2: Ground out 6-3 (Groundball, 6, EV 85.6 MPH)
Bottom of the 4th over - 0 runs, 1 hit, 0 errors, 1 left on base; Tri-City 3 - Milwaukee (NYP) 0
TOP OF THE 5TH
Tri-City Dust Devils batting - Pitching for Milwaukee (NYP) Brewers : LHP Mario Arango
Batting: RHB Eric McMillian 0-0: Ball
1-0: Ball
2-0: Fly out, F9 (Line Drive, 9, EV 90.6 MPH)
Batting: RHB Mike MacLeod 0-0: Called Strike
0-1: Foul Ball, location: 2F
0-2: Ball
1-2: Ball
2-2: Strikes out swinging
Batting: LHB David McNair 0-0: Foul Ball, location: 2F
0-1: Foul Ball, location: 2F
0-2: Strikes out looking
Top of the 5th over - 0 runs, 0 hits, 0 errors, 0 left on base; Tri-City 3 - Milwaukee (NYP) 0
BOTTOM OF THE 5TH
Milwaukee (NYP) Brewers batting - Pitching for Tri-City Dust Devils : RHP Tristan Vollmer
Batting: RHB Leo Serrano 0-0: Called Strike
0-1: Ball
1-1: Ground out 4-3 (Groundball, 34D, EV 101.2 MPH)
Batting: RHB Justin Marino 0-0: Called Strike
0-1: Called Strike
0-2: Ball
1-2: Foul Ball, location: 2F
1-2: Foul Ball, location: 2F
1-2: Ball
2-2: Foul Ball, location: 2F
2-2: SINGLE (Groundball, 6MD, EV 87.5 MPH) (infield hit)
Batting: SHB Aaron Neill 0-0: Foul Ball, location: 2F
0-1: SINGLE (Groundball, 34, EV 81.9 MPH) (infield hit)
Justin Marino to second
Batting: SHB Orlando Torres 0-0: Ball
1-0: Called Strike
1-1: SINGLE (Groundball, 5S, EV 68.1 MPH) (infield hit)
Justin Marino to third
Aaron Neill to second
Batting: LHB Tyler Francis 0-0: Ball
1-0: Ball
2-0: Foul Ball, location: 2F
2-1: SINGLE (Line Drive, 78M, EV 100.0 MPH)
Justin Marino scores
Aaron Neill to third
Orlando Torres to second
Runner from 3rd tries for Home, SAFE, throw by LF to home
Batting: SHB Ramon Perez 0-0: Ball
1-0: Foul Ball, location: 2F
1-1: Fielders Choice at 2nd, 3-6 (Groundball, 3, EV 76.9 MPH)
Orlando Torres to third
Pitching: RHP Manny Bailon
Batting: RHB Ryan Miller 0-0: Called Strike
0-1: Foul Ball, location: 2F
0-2: Ground out 4-3 (Groundball, 34, EV 100.0 MPH)
Bottom of the 5th over - 2 runs, 4 hits, 0 errors, 2 left on base; Tri-City 3 - Milwaukee (NYP) 2
TOP OF THE 6TH
Tri-City Dust Devils batting - Pitching for Milwaukee (NYP) Brewers : LHP Mario Arango
Batting: LHB Javy Portela 0-0: Called Strike
0-1: Called Strike
0-2: Strikes out swinging
Batting: RHB Ricardo Ortiz 0-0: Called Strike
0-1: Ball
1-1: Ball
2-1: Foul Ball, location: 2F
2-2: Ball
3-2: Strikes out swinging
Batting: RHB Max Stillo 0-0: Called Strike
0-1: Ball
1-1: Swinging Strike
1-2: Ball
2-2: Strikes out swinging
Top of the 6th over - 0 runs, 0 hits, 0 errors, 0 left on base; Tri-City 3 - Milwaukee (NYP) 2
BOTTOM OF THE 6TH
Milwaukee (NYP) Brewers batting - Pitching for Tri-City Dust Devils : RHP Manny Bailon
Batting: RHB Chris Maul 0-0: Foul Ball, location: 2F
0-1: Ball
1-1: Swinging Strike
1-2: Ball
2-2: Ground out 6-3 (Groundball, 6, EV 75.0 MPH)
Batting: RHB Victor Alarcon 0-0: Ball
1-0: Foul Ball, location: 2F
1-1: Called Strike
1-2: Ground out 1-3 (Groundball, 34S, EV 66.2 MPH)
Batting: RHB Leo Serrano 0-0: Foul Ball, location: 2F
0-1: Ball
1-1: Ball
2-1: Ball
3-1: Swinging Strike
3-2: Strikes out looking
Bottom of the 6th over - 0 runs, 0 hits, 0 errors, 0 left on base; Tri-City 3 - Milwaukee (NYP) 2
TOP OF THE 7TH
Tri-City Dust Devils batting - Pitching for Milwaukee (NYP) Brewers : LHP Mario Arango
Batting: RHB Brian Klinkner 0-0: Called Strike
0-1: Called Strike
0-2: Ball
1-2: Foul Ball, location: 2F
1-2: Strikes out swinging
Batting: RHB Adrian Cook 0-0: Swinging Strike
0-1: Ball
1-1: Ground out 5-3 (Groundball, 5, EV 111.2 MPH)
Batting: LHB Erik Beezley 0-0: Ball
1-0: Fly out, F9 (Flyball, 9S, EV 84.4 MPH)
Top of the 7th over - 0 runs, 0 hits, 0 errors, 0 left on base; Tri-City 3 - Milwaukee (NYP) 2
BOTTOM OF THE 7TH
Milwaukee (NYP) Brewers batting - Pitching for Tri-City Dust Devils : RHP Manny Bailon
Batting: RHB Justin Marino 0-0: Ball
1-0: SINGLE (Groundball, 56D, EV 105.6 MPH)
Batting: SHB Aaron Neill 0-0: Bunt missed!
0-1: Sac Bunt to 15S - play at first, batter OUT! 1-3
Justin Marino to second
Batting: SHB Orlando Torres 0-0: SINGLE (Groundball, 4MD, EV 98.1 MPH)
Justin Marino to third
Pitching: LHP Danny Kessel
Batting: LHB Tyler Francis 0-0: Ball
1-0: Ball
2-0: Foul Ball, location: 2F
2-1: Swinging Strike
2-2: Strikes out swinging
Batting: SHB Ramon Perez 0-0: Called Strike
0-1: Ball
1-1: Fly out, F5 (Line Drive, 5L, EV 70.6 MPH)
Bottom of the 7th over - 0 runs, 2 hits, 0 errors, 2 left on base; Tri-City 3 - Milwaukee (NYP) 2
TOP OF THE 8TH
Tri-City Dust Devils batting - Pitching for Milwaukee (NYP) Brewers : LHP Mario Arango
Batting: RHB Eric McMillian 0-0: Ball
1-0: Fly out, F7 (Flyball, 7D, EV 95.6 MPH)
Batting: RHB Mike MacLeod 0-0: Called Strike
0-1: Foul Ball, location: 2F
0-2: Strikes out looking
Batting: LHB David McNair 0-0: SINGLE (Flyball, 8RS, EV 90.6 MPH)
Batting: LHB Javy Portela 0-0: Ball
1-0: Fly out, F9 (Flyball, 9D, EV 100.0 MPH)
Top of the 8th over - 0 runs, 1 hit, 0 errors, 1 left on base; Tri-City 3 - Milwaukee (NYP) 2
BOTTOM OF THE 8TH
Milwaukee (NYP) Brewers batting - Pitching for Tri-City Dust Devils : LHP Danny Kessel
Batting: RHB Ryan Miller 0-0: Called Strike
0-1: SINGLE (Groundball, 56D, EV 94.4 MPH)
Batting: RHB Chris Maul 0-0: Ball
1-0: Ball
2-0: Bunt missed!
2-1: Bunted foul
2-2: Strikes out swinging
Batting: RHB Victor Alarcon 0-0: Ball
1-0: Fielders Choice at 2nd, 6-4 (Groundball, 6, EV 100.0 MPH)
Batting: RHB Leo Serrano 0-0: Called Strike
0-1: Foul Ball, location: 2F
0-2: Foul Ball, location: 2F
0-2: Ball
1-2: SINGLE (Groundball, 23, EV 65.6 MPH) (infield hit)
Victor Alarcon to second
Batting: RHB Justin Marino 0-0: Ball
1-0: Ball
2-0: Foul Ball, location: 2F
2-1: Foul Ball, location: 2F
2-2: Ball
3-2: Foul Ball, location: 2F
3-2: Ground out U3 (Groundball, 3S, EV 77.5 MPH)
Bottom of the 8th over - 0 runs, 2 hits, 0 errors, 2 left on base; Tri-City 3 - Milwaukee (NYP) 2
TOP OF THE 9TH
Tri-City Dust Devils batting - Pitching for Milwaukee (NYP) Brewers : LHP Mario Arango
Pitching: LHP Bryan Gagnon
Batting: RHB Ricardo Ortiz 0-0: Swinging Strike
0-1: Foul Ball, location: 2F
0-2: Ball
1-2: Ball
2-2: Ground out 5-3 (Groundball, 56S, EV 86.9 MPH)
Batting: RHB Max Stillo 0-0: Called Strike
0-1: Hit by Pitch
Batting: RHB Brian Klinkner 0-0: Called Strike
0-1: Grounds out, U3 (Groundball, 3L, EV 89.4 MPH)
Batting: RHB Adrian Cook 0-0: Intentional Walk
Batting: LHB Erik Beezley 0-0: Swinging Strike
0-1: Ball
1-1: Foul Ball, location: 2F
1-2: Foul Ball, location: 2F
1-2: Ball
2-2: Ball
3-2: Strikes out swinging
Top of the 9th over - 0 runs, 0 hits, 0 errors, 2 left on base; Tri-City 3 - Milwaukee (NYP) 2
BOTTOM OF THE 9TH
Milwaukee (NYP) Brewers batting - Pitching for Tri-City Dust Devils : LHP Danny Kessel
Pitching: RHP Wayne Kerrick
Batting: SHB Aaron Neill 0-0: Fly out, F4 (Line Drive, 4, EV 74.4 MPH)
Batting: SHB Orlando Torres 0-0: Fly out, F7 (Line Drive, 7, EV 91.9 MPH)
Batting: LHB Tyler Francis 0-0: Ball
1-0: Ball
2-0: Swinging Strike
2-1: Foul Ball, location: 2F
2-2: Ball
3-2: Base on Balls
Batting: SHB Ramon Perez 0-0: Fielders Choice at 2nd, 6-4 (Groundball, 56, EV 80.6 MPH)
Bottom of the 9th over - 0 runs, 0 hits, 0 errors, 1 left on base; Tri-City 3 - Milwaukee (NYP) 2
Thursday, December 15th , 2022 - OOTP Baseball 23.9 Build 102